% Time on Ice - UTAH ICE BEARS
Lines # - Real PCT - Wanted PCT - Time Play
Normal Forward
1 - 37% - 38% - 17:22
2 - 35% - 34% - 16:28
3 - 22% - 23% - 10:33
4 - 6% - 5% - 2:55
Normal Defense
1 - 38% - 36% - 17:45
2 - 36% - 35% - 17:11
3 - 25% - 23% - 11:36
4 - 2% - 6% - 0:46
PP Forward
1 - 62% - 60% - 3:41
2 - 38% - 40% - 2:16
PP Defense
1 - 62% - 60% - 3:41
2 - 38% - 40% - 2:16
PK Forward
1 - 81% - 60% - 5:28
2 - 19% - 40% - 1:17
PK Defense
1 - 74% - 60% - 5:01
2 - 26% - 40% - 1:44
PK3 Forward
1 - 0% - 55%
2 - 0% - 45%
PK3 Defense
1 - 0% - 55%
2 - 0% - 45%
44 Forward
1 - 0% - 55%
2 - 0% - 45%
44 Defense
1 - 0% - 55%
2 - 0% - 45%
Last Minute Offensive  - 0:00
Last Minute Defensive  - 0:00
Total
Forward - 60:00
Defense - 60:00
% Time on Ice - NORTH DAKOTA HAWKS
Lines # - Real PCT - Wanted PCT - Time Play
Normal Forward
1 - 33% - 32% - 15:25
2 - 32% - 30% - 15:13
3 - 21% - 22% - 9:47
4 - 15% - 16% - 6:53
Normal Defense
1 - 46% - 38% - 21:48
2 - 34% - 32% - 15:57
3 - 9% - 15% - 4:25
4 - 11% - 15% - 5:08
PP Forward
1 - 44% - 65% - 2:57
2 - 56% - 35% - 3:48
PP Defense
1 - 62% - 65% - 4:13
2 - 38% - 35% - 2:32
PK Forward
1 - 86% - 65% - 5:06
2 - 14% - 35% - 0:51
PK Defense
1 - 64% - 65% - 3:48
2 - 36% - 35% - 2:09
PK3 Forward
1 - 0% - 60%
2 - 0% - 40%
PK3 Defense
1 - 0% - 60%
2 - 0% - 40%
44 Forward
1 - 0% - 55%
2 - 0% - 45%
44 Defense
1 - 0% - 55%
2 - 0% - 45%
Last Minute Offensive  - 0:00
Last Minute Defensive  - 0:00
Total
Forward - 60:00
Defense - 60:00
Play-by-Play 1st period 0:01 of 1st period - Evgeni Malkin wins face-off versus Jack Hughes in neutral zone. 1:12 of 1st period - Alexander Barabanov is hit by Cale Makar and loses puck. 1:41 of 1st period - Erik Johnson is hit by Andrew Peeke. 2:34 of 1st period - Shot by Dillon Dube. 2:34 of 1st period - Deflect By Frederick Gaudreau. 2:34 of 1st period - Shot Blocked by Andrew Peeke. 3:13 of 1st period - Shot by Lucas Raymond. 3:13 of 1st period - Stopped by Linus Ullmark with a rebound. 3:57 of 1st period - Shot by Matthew Tkachuk. 3:57 of 1st period - Shot Misses the Net. 4:07 of 1st period - Shot by Matthew Tkachuk. 4:07 of 1st period - Shot Misses the Net. 4:09 of 1st period - Shot by Casey Mittelstadt. 4:09 of 1st period - Shot Misses the Net. 4:11 of 1st period - Shot by Matthew Tkachuk. 4:11 of 1st period - Shot Misses the Net. 4:34 of 1st period - Icing by Mathew Dumba. 4:35 of 1st period - Blake Lizotte wins face-off versus Alex Belzile in NORTH DAKOTA HAWKS zone. 4:40 of 1st period - Shot by Andrew Mangiapane. 4:40 of 1st period - Stopped by Linus Ullmark without a rebound. 4:41 of 1st period - Nick Suzuki wins face-off versus Blake Lizotte in NORTH DAKOTA HAWKS zone. 5:38 of 1st period - Icing by Artem Zub. 5:39 of 1st period - Jack Hughes wins face-off versus Morgan Frost in UTAH ICE BEARS zone. 5:54 of 1st period - Shot by Jordan Kyrou. 5:54 of 1st period - Deflect By Jason Robertson. 5:54 of 1st period - Shot Misses the Net. 6:04 of 1st period - Shot by Jack Hughes. 6:04 of 1st period - Stopped by Thatcher Demko with a rebound. 6:06 of 1st period - Shot by Jason Robertson. 6:06 of 1st period - Shot Misses the Net. 6:14 of 1st period - Shot by Jack Hughes. 6:14 of 1st period - Stopped by Thatcher Demko with a rebound. 6:16 of 1st period - Shot by Jack Hughes. 6:16 of 1st period - Goal by Jack Hughes - UTAH ICE BEARS : 0 - NORTH DAKOTA HAWKS : 1. 6:17 of 1st period - Frederick Gaudreau wins face-off versus Evgeni Malkin in neutral zone. 6:24 of 1st period - Off-side. 6:25 of 1st period - Evgeni Malkin wins face-off versus Frederick Gaudreau in neutral zone. 7:01 of 1st period - Icing by Matthew Tkachuk. 7:02 of 1st period - Nick Suzuki wins face-off versus Evgeni Malkin in UTAH ICE BEARS zone. 7:44 of 1st period - Icing by David Savard. 7:45 of 1st period - Jack Hughes wins face-off versus Matthew Beniers in UTAH ICE BEARS zone. 7:49 of 1st period - Jason Robertson is hit by David Savard and loses puck. 8:16 of 1st period - Shot by Alexander Ovechkin. 8:16 of 1st period - Shot Hit the Post. 8:18 of 1st period - Shot by Alexander Barabanov. 8:18 of 1st period - Stopped by Linus Ullmark without a rebound. 8:19 of 1st period - Alex Belzile wins face-off versus Morgan Frost in NORTH DAKOTA HAWKS zone. 8:21 of 1st period - Cale Makar is hit by Lucas Raymond. 8:58 of 1st period - Shot by Nathan Walker. 8:58 of 1st period - Shot Misses the Net. 9:14 of 1st period - Shot by Jack Hughes. 9:14 of 1st period - Shot Misses the Net. 9:16 of 1st period - Shot by Connor Clifton. 9:16 of 1st period - Stopped by Thatcher Demko without a rebound. 9:17 of 1st period - Evgeni Malkin wins face-off versus Nick Suzuki in UTAH ICE BEARS zone. 9:56 of 1st period - Shot by Evgeni Malkin. 9:56 of 1st period - Stopped by Linus Ullmark without a rebound. 9:57 of 1st period - Matthew Beniers wins face-off versus Jack Hughes in NORTH DAKOTA HAWKS zone. 10:03 of 1st period - Minor Penalty to Connor Clifton for Holding. 10:04 of 1st period - Frederick Gaudreau wins face-off versus Evgeni Malkin in NORTH DAKOTA HAWKS zone. 10:30 of 1st period - Alexander Ovechkin is hit by Mathew Dumba and loses puck. 10:42 of 1st period - Matthew Tkachuk is hit by Mathew Dumba and loses puck. 10:59 of 1st period - Shot by Matthew Beniers. 10:59 of 1st period - Stopped by Linus Ullmark without a rebound. 11:00 of 1st period - Matthew Beniers wins face-off versus Frederick Gaudreau in NORTH DAKOTA HAWKS zone. 11:26 of 1st period - Shot by Casey Mittelstadt. 11:26 of 1st period - Stopped by Linus Ullmark without a rebound. 11:27 of 1st period - Nick Suzuki wins face-off versus Evgeni Malkin in NORTH DAKOTA HAWKS zone. 12:14 of 1st period - Icing by Morgan Frost. 12:15 of 1st period - Nick Suzuki wins face-off versus Morgan Frost in UTAH ICE BEARS zone. 12:17 of 1st period - Minor Penalty to Kevin Bahl for High sticking. 12:18 of 1st period - Morgan Frost wins face-off versus Nick Suzuki in UTAH ICE BEARS zone. 12:41 of 1st period - Shot by Cale Makar. 12:41 of 1st period - Stopped by Thatcher Demko without a rebound. 12:42 of 1st period - Morgan Frost wins face-off versus Jack Hughes in UTAH ICE BEARS zone. 13:08 of 1st period - Shot by Jordan Kyrou. 13:08 of 1st period - Shot Misses the Net. 13:44 of 1st period - Shot by Cale Makar. 13:44 of 1st period - Stopped by Thatcher Demko without a rebound. 13:45 of 1st period - Morgan Frost wins face-off versus Nick Suzuki in UTAH ICE BEARS zone. 13:45 of 1st period - Morgan Frost is hit by Jake DeBrusk. 14:09 of 1st period - Shot by Nick Suzuki. 14:09 of 1st period - Shot Misses the Net. 14:36 of 1st period - Shot by Alex Belzile. 14:36 of 1st period - Shot Misses the Net. 14:38 of 1st period - Shot by Nathan Walker. 14:38 of 1st period - Stopped by Thatcher Demko with a rebound. 14:42 of 1st period - Shot by Garnet Hathaway. 14:42 of 1st period - Stopped by Thatcher Demko without a rebound. 14:43 of 1st period - Evgeni Malkin wins face-off versus Jack Hughes in UTAH ICE BEARS zone. 14:56 of 1st period - Shot by Matthew Tkachuk. 14:56 of 1st period - Stopped by Linus Ullmark without a rebound. 14:57 of 1st period - Frederick Gaudreau wins face-off versus Matthew Beniers in NORTH DAKOTA HAWKS zone. 14:57 of 1st period - Frederick Gaudreau is hit by Alexander Ovechkin. 15:13 of 1st period - Shot by Frederick Gaudreau. 15:13 of 1st period - Deflect By Dillon Dube. 15:13 of 1st period - Shot Misses the Net. 15:23 of 1st period - Shot by Dillon Dube. 15:23 of 1st period - Stopped by Thatcher Demko without a rebound. 15:24 of 1st period - Evgeni Malkin wins face-off versus Jack Hughes in UTAH ICE BEARS zone. 15:29 of 1st period - Shot by Matthew Tkachuk. 15:29 of 1st period - Shot Misses the Net. 15:41 of 1st period - Shot by Jack Hughes. 15:41 of 1st period - Shot Misses the Net. 15:57 of 1st period - Icing by Jack Hughes. 15:58 of 1st period - Jack Hughes wins face-off versus Matthew Beniers in NORTH DAKOTA HAWKS zone. 16:15 of 1st period - Shot by Jack Hughes. 16:15 of 1st period - Deflect By Jason Robertson. 16:15 of 1st period - Shot Blocked by David Savard. 16:17 of 1st period - Shot by Jason Robertson. 16:17 of 1st period - Shot Misses the Net. 16:35 of 1st period - Shot by Jake DeBrusk. 16:35 of 1st period - Shot Misses the Net. 16:55 of 1st period - Shot by Cale Makar. 16:55 of 1st period - Shot Misses the Net. 16:58 of 1st period - Icing by Bowen Byram. 16:59 of 1st period - Evgeni Malkin wins face-off versus Frederick Gaudreau in UTAH ICE BEARS zone. 16:59 of 1st period - Casey Mittelstadt is hit by Dillon Dube. 17:27 of 1st period - Shot by Casey Mittelstadt. 17:27 of 1st period - Stopped by Linus Ullmark without a rebound. 17:28 of 1st period - Morgan Frost wins face-off versus Nick Suzuki in NORTH DAKOTA HAWKS zone. 17:47 of 1st period - Kevin Bahl is hit by Jake DeBrusk and loses puck. 18:04 of 1st period - Shot by Morgan Frost. 18:04 of 1st period - Shot Misses the Net. 18:07 of 1st period - Minor Penalty to Morgan Frost for Roughing. 18:08 of 1st period - Evgeni Malkin wins face-off versus Jack Hughes in UTAH ICE BEARS zone. 18:19 of 1st period - Shot by Jason Robertson. 18:19 of 1st period - Shot Hit the Post. 18:21 of 1st period - Shot by Ryan Lindgren. 18:21 of 1st period - Shot Misses the Net. 18:37 of 1st period - Shot by Jack Hughes. 18:37 of 1st period - Stopped by Thatcher Demko without a rebound. 18:38 of 1st period - Evgeni Malkin wins face-off versus Nick Suzuki in UTAH ICE BEARS zone. 18:44 of 1st period - Icing by Nick Suzuki. 18:45 of 1st period - Evgeni Malkin wins face-off versus Nick Suzuki in NORTH DAKOTA HAWKS zone. 19:02 of 1st period - Shot by Kyle Okposo. 19:02 of 1st period - Stopped by Linus Ullmark without a rebound. 19:03 of 1st period - Evgeni Malkin wins face-off versus Jack Hughes in NORTH DAKOTA HAWKS zone. 19:12 of 1st period - Shot by Jordan Kyrou. 19:12 of 1st period - Shot Misses the Net. 19:14 of 1st period - Shot by Ryan Lindgren. 19:14 of 1st period - Shot Misses the Net. 19:16 of 1st period - Shot by Jordan Kyrou. 19:16 of 1st period - Shot Blocked by Andrew Peeke. 19:18 of 1st period - Shot by Jack Hughes. 19:18 of 1st period - Shot Misses the Net. 19:28 of 1st period - Shot by Jack Hughes. 19:28 of 1st period - Stopped by Thatcher Demko without a rebound. 19:29 of 1st period - Evgeni Malkin wins face-off versus Nick Suzuki in UTAH ICE BEARS zone. 19:42 of 1st period - Shot by Cale Makar. 19:42 of 1st period - Stopped by Thatcher Demko without a rebound. 19:43 of 1st period - Evgeni Malkin wins face-off versus Jack Hughes in UTAH ICE BEARS zone. 19:43 of 1st period - Evgeni Malkin is hit by Jason Robertson. 19:56 of 1st period - Shot by Jack Hughes. 19:56 of 1st period - Shot Misses the Net. 19:58 of 1st period - Shot by Jordan Kyrou. 19:58 of 1st period - Goal by Jordan Kyrou - UTAH ICE BEARS : 0 - NORTH DAKOTA HAWKS : 2. 19:59 of 1st period - Nick Suzuki wins face-off versus Matthew Beniers in neutral zone. Goals for this period are 0 for UTAH ICE BEARS vs 2 for NORTH DAKOTA HAWKS. Shots for this period are 9 for UTAH ICE BEARS vs 13 for NORTH DAKOTA HAWKS. 2nd period 0:01 of 2nd period - Casey Mittelstadt wins face-off versus Jack Hughes in neutral zone. 0:18 of 2nd period - Shot by Jordan Kyrou. 0:18 of 2nd period - Stopped by Thatcher Demko with a rebound. 0:26 of 2nd period - Erik Johnson is hit by Evgeni Malkin and loses puck. 1:33 of 2nd period - Icing by David Savard. 1:34 of 2nd period - Frederick Gaudreau wins face-off versus Evgeni Malkin in UTAH ICE BEARS zone. 1:46 of 2nd period - Shot by Dillon Dube. 1:46 of 2nd period - Stopped by Thatcher Demko without a rebound. 1:47 of 2nd period - Jason Robertson wins face-off versus Matthew Beniers in UTAH ICE BEARS zone. 2:12 of 2nd period - Shot by Alexander Ovechkin. 2:12 of 2nd period - Shot Blocked by Connor Clifton. 4:00 of 2nd period - Shot by Nick Suzuki. 4:00 of 2nd period - Goal by Nick Suzuki - UTAH ICE BEARS : 0 - NORTH DAKOTA HAWKS : 3. 4:00 of 2nd period - Connor Ingram enters game. 4:01 of 2nd period - Matthew Beniers wins face-off versus Alex Belzile in neutral zone. 4:41 of 2nd period - Shot by Matthew Beniers. 4:41 of 2nd period - Goal by Matthew Beniers - UTAH ICE BEARS : 1 - NORTH DAKOTA HAWKS : 3. 4:42 of 2nd period - Nick Suzuki wins face-off versus Evgeni Malkin in neutral zone. 4:46 of 2nd period - Off-side. 4:47 of 2nd period - Nick Suzuki wins face-off versus Evgeni Malkin in neutral zone. 4:49 of 2nd period - Cale Makar is hit by MacKenzie Weegar and loses puck. 5:28 of 2nd period - Shot by Evgeni Malkin. 5:28 of 2nd period - Stopped by Linus Ullmark without a rebound. 5:29 of 2nd period - Jack Hughes wins face-off versus Matthew Beniers in NORTH DAKOTA HAWKS zone. 5:49 of 2nd period - Shot by Jason Robertson. 5:49 of 2nd period - Stopped by Connor Ingram with a rebound. 5:51 of 2nd period - Shot by Jordan Kyrou. 5:51 of 2nd period - Goal by Jordan Kyrou - UTAH ICE BEARS : 1 - NORTH DAKOTA HAWKS : 4. 5:52 of 2nd period - Morgan Frost wins face-off versus Frederick Gaudreau in neutral zone. 6:23 of 2nd period - Shot by Morgan Frost. 6:23 of 2nd period - Stopped by Linus Ullmark without a rebound. 6:24 of 2nd period - Matthew Beniers wins face-off versus Jack Hughes in NORTH DAKOTA HAWKS zone. 6:25 of 2nd period - Shot by Alexander Ovechkin. 6:25 of 2nd period - Shot Blocked by Cale Makar. 6:25 of 2nd period - Cale Makar from NORTH DAKOTA HAWKS is injured at 6:25 of 2nd period (Torn Left Knee Ligaments). 6:26 of 2nd period - Jack Hughes wins face-off versus Alexander Ovechkin in NORTH DAKOTA HAWKS zone. 6:51 of 2nd period - Jack Hughes is hit by Bowen Byram and loses puck. 7:02 of 2nd period - Shot by Jack Hughes. 7:02 of 2nd period - Stopped by Connor Ingram without a rebound. 7:03 of 2nd period - Nick Suzuki wins face-off versus Evgeni Malkin in UTAH ICE BEARS zone. 7:06 of 2nd period - Shot by Reyley Smith. 7:06 of 2nd period - Shot Misses the Net. 7:43 of 2nd period - Shot by Jake DeBrusk. 7:43 of 2nd period - Shot Misses the Net. 7:45 of 2nd period - Shot by Nick Suzuki. 7:45 of 2nd period - Shot Blocked by David Savard. 8:46 of 2nd period - Shot by Jason Robertson. 8:46 of 2nd period - Stopped by Connor Ingram without a rebound. 8:47 of 2nd period - Alexander Barabanov wins face-off versus Jack Hughes in UTAH ICE BEARS zone. 8:54 of 2nd period - Shot by Jack Hughes. 8:54 of 2nd period - Stopped by Connor Ingram with a rebound. 9:02 of 2nd period - Shot by Jason Robertson. 9:02 of 2nd period - Goal by Jason Robertson - UTAH ICE BEARS : 1 - NORTH DAKOTA HAWKS : 5. 9:03 of 2nd period - Alex Belzile wins face-off versus Morgan Frost in neutral zone. 9:24 of 2nd period - Shot by Matias Maccelli. 9:24 of 2nd period - Shot Misses the Net. 9:26 of 2nd period - Shot by Artem Zub. 9:26 of 2nd period - Shot Misses the Net. 9:28 of 2nd period - Shot by Morgan Frost. 9:28 of 2nd period - Stopped by Linus Ullmark with a rebound. 9:38 of 2nd period - Shot by Matias Maccelli. 9:38 of 2nd period - Goal by Matias Maccelli - UTAH ICE BEARS : 2 - NORTH DAKOTA HAWKS : 5. 9:39 of 2nd period - Matthew Beniers wins face-off versus Jack Hughes in neutral zone. 9:42 of 2nd period - Shot by Alexander Ovechkin. 9:42 of 2nd period - Stopped by Linus Ullmark without a rebound. 9:43 of 2nd period - Nick Suzuki wins face-off versus Matthew Beniers in NORTH DAKOTA HAWKS zone. 9:56 of 2nd period - Shot by Jake DeBrusk. 9:56 of 2nd period - Stopped by Connor Ingram with a rebound. 9:58 of 2nd period - Shot by Reyley Smith. 9:58 of 2nd period - Shot Blocked by Alexander Ovechkin. 10:16 of 2nd period - Shot by Nick Suzuki. 10:16 of 2nd period - Shot Misses the Net. 10:18 of 2nd period - Shot by Jake DeBrusk. 10:18 of 2nd period - Stopped by Connor Ingram with a rebound. 11:27 of 2nd period - Morgan Frost is hit by Jack Hughes and loses puck. 12:26 of 2nd period - Shot by Nathan Walker. 12:26 of 2nd period - Shot Misses the Net. 12:45 of 2nd period - Icing by Mathew Dumba. 12:46 of 2nd period - Alex Belzile wins face-off versus Matthew Beniers in NORTH DAKOTA HAWKS zone. 12:52 of 2nd period - Off-side. 12:53 of 2nd period - Matthew Beniers wins face-off versus Jack Hughes in neutral zone. 13:26 of 2nd period - Shot by Jack Hughes. 13:26 of 2nd period - Shot Misses the Net. 13:40 of 2nd period - Shot by Alexander Barabanov. 13:40 of 2nd period - Stopped by Linus Ul